 Seeded DCSS version 0.30.1 (webtiles) character file.

Game seed: 12966376324546093217 (custom seed)

65154 Sanktem7 the Severer (level 15, 0/122 HPs)
             Began as a Formicid Fighter on July 6, 2023.
             Was the Champion of Okawaru.
             Slain by Agnes
             ... wielding a +2 lajatang of pain
              (4 damage)
             ... on level 3 of the Snake Pit.
             The game lasted 00:32:17 (15275 turns).

Sanktem7 the Severer (Formicid Fighter)            Turns: 15275, Time: 00:32:18

Health: 0/122      AC: 40    Str: 31    XL:     15   Next: 57%
Magic:  18/18      EV:  5    Int:  9    God:    Okawaru [******]
Gold:   837        SH: 18    Dex: 13    Spells: 14/14 levels left

rFire   + . .        y - +10 broad axe of Zopoqy Rum {heavy, rC++, axe}
rCold   + + +        L - +0 tower shield {rPois}
rNeg    . . .        S - +12 crystal plate armour "Dequtej" {Str-2 Int+3 Stlth+, rare=g}
rPois   +            (helmet unavailable)
rElec   .            V - +2 cloak {rF+}
rCorr   .            (no gloves)
SInv    +            t - +1 pair of boots {Fly}
Will    +++..        O - necklace of Bloodlust {Fury *Rage Will++ Int-3 Slay+6} Stlth
                     U - ring "Paelipa" {*Corrode Fly rPois rC++}
HPRegen 0.40/turn    X - +6 ring of strength
MPRegen 0.16/turn

%: corrode self (3%)
@: flying
A: permanent stasis, dig shafts and tunnels, antennae 3, four strong arms
a: Dig, Shaft Self, Renounce Religion, Heroism, Finesse, Duel


You were on level 3 of the Snake Pit.
You worshipped Okawaru.
Okawaru was exalted by your worship.
You visited 4 branches of the dungeon, and saw 16 of its levels.
You also visited: Volcano.

You collected 1495 gold pieces.
You spent 658 gold pieces at shops.


Innate Abilities, Weirdness & Mutations

You cannot be hasted, slowed, berserked, paralysed or teleported.
You can dig through walls and to a lower floor.
You have a pair of large antennae on your head. (SInv)
Your four strong arms can wield two-handed weapons with a shield.


   Skills:
 + Level 12.4 Fighting
 * Level 15.4(15.6) Axes
 + Level 3.0(10.5) Maces & Flails
 + Level 9.8 Throwing
 + Level 12.4 Armour
 + Level 14.5 Shields
 - Level 5.0 Invocations


You had 14 spell levels left.
You didn't know any spells.
Your spell library contained the following spells:

 Spells                   Type           Power      Damage    Failure   Level
 Apportation              Tloc           0%         N/A       100%        1
 Magic Dart               Conj           0%         1d3       100%        1
 Sandblast                Erth           0%         2d4       100%        1
 Slow                     Hex            0%         N/A       100%        1
 Sting                    Tmut/Pois      0%         1d3       100%        1
 Passwall                 Tmut/Erth      0%         N/A       100%        2
 Poisonous Vapours        Pois/Air       0%         N/A       100%        2
 Confusing Touch          Hex            0%         N/A       100%        3
 Hailstorm                Conj/Ice       0%         3d3       100%        3
 Mephitic Cloud           Conj/Pois/Air  0%         N/A       100%        3
 Ozocubu's Armour         Ice            0%         N/A       100%        3
 Portal Projectile        Hex/Tloc       0%         N/A       100%        3
 Stone Arrow              Conj/Erth      0%         3d7       100%        3
 Vampiric Draining        Necr           0%         2d6       100%        3
 Ice Form                 Ice/Tmut       0%         N/A       100%        4
 Leda's Liquefaction      Hex/Erth       0%         N/A       100%        4
 Olgreb's Toxic Radiance  Pois           0%         N/A       100%        4
 Passage of Golubria      Tloc           0%         N/A       100%        4
 Alistair's Intoxication  Tmut/Pois      0%         N/A       100%        5
 Freezing Cloud           Conj/Ice/Air   0%         6-21      100%        5
 Silence                  Hex/Air        0%         N/A       100%        5
 Enfeeble                 Hex            0%         N/A       100%        7
 Ozocubu's Refrigeration  Ice            0%         4d7       100%        7
 Lehudib's Crystal Spear  Conj/Erth      0%         10d2      100%        8
 Call Imp                 Summ           Unusable   N/A       N/A         2
 Call Canine Familiar     Summ           Unusable   N/A       N/A         3
 Simulacrum               Ice/Necr       Unusable   N/A       N/A         6

Inventory:

Hand Weapons
 l - a +2 broad axe of venom {axe}
   (Okawaru gifted it to you on level 10 of the Dungeon)
 w - a +2 heavy great mace {mace}
   (You found it on level 4 of the Dungeon)
 y - the +10 broad axe of Zopoqy Rum (weapon) {heavy, rC++, axe}
   (You acquired it on level 9 of the Dungeon)

   rC:        It greatly protects you from cold.
 D - a +2 eveningstar of protection {macerare=g}
   (You took it off Louise on level 1 of the Snake Pit)
Missiles
 a - 16 javelins (quivered) {throwing}
 I - 5 silver javelins {throwing}
 R - 4 boomerangs {throwing}
Armour
 t - a +1 pair of boots of flying (worn)
   (Okawaru gifted it to you on level 1 of the Snake Pit)
 L - a +0 tower shield of poison resistance (worn)
   (You took it off Louise on level 1 of the Snake Pit)
 S - the +12 crystal plate armour "Dequtej" (worn) {Str-2 Int+3 Stlth+, rare=g}
   (Okawaru gifted it to you on level 10 of the Dungeon)

   Str:       It affects your strength (-2).
   Int:       It affects your intelligence (+3).
   Stlth:     It makes you more stealthy.
 V - a +2 cloak of fire resistance (worn)
   (You found it in a volcano)
Jewellery
 O - the necklace of Bloodlust (around neck) {Fury *Rage Will++ Int-3 Slay+6}
   (You found it on level 10 of the Dungeon)

   [amulet of nothing]

   Fury:      It extends the wearer's berserk rage when killing foes.
   Int:       It affects your intelligence (-3).
   Slay:      It affects your accuracy & damage with ranged weapons and melee
   (+6).
   *Rage:     It berserks you when you make melee attacks (+50% chance).
   Will:      It greatly increases your willpower.
 Q - an amulet of regeneration {@e2}
   (You found it on level 7 of the Dungeon)
 U - the ring "Paelipa" (left hand) {*Corrode Fly rPois rC++}
   (You bought it in a shop on level 3 of the Snake Pit)

   [ring of flight]

   rC:        It greatly protects you from cold.
   rPois:     It protects you from poison.
   Fly:       It grants you flight.
   *Corrode:  It may corrode you when you take damage.
 X - a +6 ring of strength (right hand)
   (You found it on level 2 of the Lair of Beasts)
Wands
 b - a wand of mindburst (17)
   (You found it on level 3 of the Dungeon)
 C - a wand of polymorph (13)
   (You found it on level 10 of the Dungeon)
 E - a wand of quicksilver (9)
   (You found it on level 5 of the Dungeon)
 M - a wand of roots (9)
   (You found it on level 6 of the Dungeon)
 W - a wand of flame (9)
   (You found it on level 2 of the Lair of Beasts)
 Y - a wand of paralysis (4)
   (You found it on level 9 of the Dungeon)
Scrolls
 g - a scroll of poison
 h - 5 scrolls of vulnerability {!r!r}
 j - 2 scrolls of magic mapping {!r}
 m - a scroll of blinking {!r}
 n - 3 scrolls of amnesia
 q - 5 scrolls of enchant weapon
 u - a scroll of torment {!r}
 x - 4 scrolls of noise {!r}
 z - 3 scrolls of identify {@r1}
 A - 3 scrolls of silence {!r}
 B - a scroll of fog
 G - 4 scrolls of summoning
Potions
 d - 6 potions of might
 e - 11 potions of curing {@q1}
 f - 2 potions of brilliance
 i - 3 potions of ambrosia
 k - a potion of resistance
 o - 5 potions of flight
 p - 3 potions of heal wounds {@q2}
 r - 2 potions of haste {@q3}
 s - 4 potions of invisibility {unknown}
 v - 5 potions of attraction {unknown}
 F - 2 potions of berserk rage {unknown}
 H - 4 potions of mutation {unknown}
 J - a potion of cancellation
 K - 2 potions of magic {unknown}
 P - a potion of degeneration {unknown}
 T - 5 potions of lignification {unknown}
Miscellaneous
 c - a condenser vane
   (You found it on level 9 of the Dungeon)

Dungeon Overview and Level Annotations

Branches:
Dungeon (10/15) Zot: 26078  Temple (1/1) D:7 Zot: 5907    Lair (2/5) D:10 Zot: 10484
  Swamp (0/4) Lair:2        Snake (3/4) Lair:2 Zot: 14490     Orc (0/2) D:9
Volcano (visited)

Altars:
Ashenzari
Cheibriados
Dithmenos
Elyvilon
Fedhas
Gozag
Hepliaklqana
Kikubaaqudgha
Makhleb
Nemelex Xobeh
Okawaru
Qazlal
Ru
Sif Muna
Trog
Uskayaw
Vehumet
Wu Jian
Xom
Yredelemnul
Zin
The Shining One

Shops:
D:3 *   D:8 *   Snake:3 =

Annotations:
Snake:3 Agnes

#####.###.#### ##.##
##.#.......#.####..##
.....#.∩.#........#.#
##.#.......#.#######^##
.####.###.#### #.## .#
#...#...# #..##
.###..###..# ###(..###
.#.#..#
#..########.......#
...#.##
##.#....@i.N......#
#..#.#
#.#.....#####...##
#..#.# #.#..#### ##..#
)....# #....# #.##
##..## #...## #.#
###..# #...# #.# #
##..# #...# #.# #...
....# #.# #.......# #.#


You could see Agnes and a nagaraja (fast).


Message History

Things that are here:
a +2 halberd of venom {polearm}; a naga corpse You now have 1388 gold pieces (gained 19).
You now have 1400 gold pieces (gained 12).
Things that are here:
a +4 glaive {polearm}; a salamander skeleton You see here a +0 battleaxe of draining {axe}.
Found Jeynt's Jewellery Boutique.
There is an entrance to Jeynt's Jewellery Boutique here.
U - the ring "Paelipa" {*Corrode Fly rPois rC++} Thank you for shopping at Jeynt's Jewellery Boutique!
You remove your ring of poison resistance.
You feel rather light.
U - the ring "Paelipa" (left hand) {*Corrode Fly rPois rC++} You drop a ring of poison resistance.
Found a stone staircase leading down.
There is a stone staircase leading down here.
You now have 837 gold pieces (gained 5).
Key pressed, stopping explore.
You see here a stone {throwing}.
Agnes the Wanderer comes into view.
She is wielding a +2 lajatang of pain.
Agnes shouts!
A nagaraja comes into view. It is wielding a +0 spear.
You block Agnes's attack.
You closely miss Agnes.
Agnes says, "It is my duty to kill you, but also my pleasure."
Agnes hits you but does no damage.
You writhe in agony.
You block Agnes's attack. x2 😕 HP[-4]
You take 4 damage, and now have 118/122 hp.
You hit Agnes. Agnes hits you but does no damage.
You writhe in agony.
Agnes hits you with a +2 lajatang of pain!
You writhe in agony.
The nagaraja casts a spell.
The nagaraja seems to speed up. 😕 HP[-16]
You take 16 damage, and now have 102/122 hp.
You miss Agnes.
Agnes hits you with a +2 lajatang of pain!
You writhe in agony.
Agnes hits you with a +2 lajatang of pain!
You writhe in agony.
You block Agnes's attack. 😮 HP[-27]
You take 27 damage, and now have 75/122 hp.
MASSIVE DAMAGE!! (PAUSE)
You closely miss Agnes.
Agnes hits you with a +2 lajatang of pain!
* * * LOW HITPOINT WARNING * * *
You writhe in agony.
* * * LOW HITPOINT WARNING * * *
The nagaraja hits you but does no damage.
You block Agnes's attack. 😨 HP[-19]
You take 19 damage, and now have 56/122 hp.
You closely miss Agnes. You block Agnes's attack.
The nagaraja hits you but does no damage.
Agnes hits you but does no damage.
You writhe in agony.
* * * LOW HITPOINT WARNING * * *
The nagaraja hits you but does no damage. 😨 HP[-4]
You take 4 damage, and now have 52/122 hp.
You chop Agnes into pieces!!!
Agnes hits you with a +2 lajatang of pain!
* * * LOW HITPOINT WARNING * * *
You writhe in agony.
* * * LOW HITPOINT WARNING * * *
You block the nagaraja's attack. You block Agnes's attack.
You block the nagaraja's attack.
Agnes hits you but does no damage. 😨 HP[-14]
You take 14 damage, and now have 38/122 hp.
You barely miss Agnes. Agnes closely misses you.
The nagaraja hits you but does no damage.
Agnes hits you but does no damage.
You writhe in agony.
* * * LOW HITPOINT WARNING * * *
The nagaraja hits you from afar with a +0 spear!
* * * LOW HITPOINT WARNING * * *
😱 HP[-14]
You take 14 damage, and now have 24/122 hp.
You block Agnes's attack. 😱 HP[+1] Agnes hits you but does no damage.
You writhe in agony.
* * * LOW HITPOINT WARNING * * *
😱 HP[-3]
You take 3 damage, and now have 22/122 hp.
Agnes hits you with a +2 lajatang of pain.
* * * LOW HITPOINT WARNING * * *
😱 HP[-4]
You take 4 damage, and now have 18/122 hp.
Agnes hits you but does no damage.
You writhe in agony.
* * * LOW HITPOINT WARNING * * *
😱 HP[-4]
You take 4 damage, and now have 14/122 hp.
Agnes hits you with a +2 lajatang of pain.
* * * LOW HITPOINT WARNING * * *
😱 HP[-3]
You take 3 damage, and now have 11/122 hp.
Agnes hits you with a +2 lajatang of pain!
* * * LOW HITPOINT WARNING * * *
You writhe in agony.
You die...

Skill      XL: |  1  2  3  4  5  6  7  8  9 10 11 12 13 14 15 |
---------------+----------------------------------------------+-----
Axes           | 3 4 5 7 8 9 11 12 13 14 15 | 15.4
Fighting       | 4 5 6 7 8 9 10 11 12 | 12.4
Armour         | 4 5 6 7 8 9 10 11 12 | 12.4
Shields        | 5 6 7 8 9 10 11 12 13 14 | 14.5
Throwing       | 2 4 5 6 8 9 |  9.8
Invocations    | 4 5 |  5.0
Maces & Flails | 3 |  3.0

Action                     |  1- 3 |  4- 6 |  7- 9 | 10-12 | 13-15 || total
---------------------------+-------+-------+-------+-------+-------++-------
  Melee: War axe           |    96 |   148 |   305 |   382 |       ||   931
         Broad axe         |       |       |       |    76 |   344 ||   420
  Throw: Javelin           |       |       |       |     5 |       ||     5
  Evoke: Wand              |       |       |       |     1 |       ||     1
    Use: Scroll            |       |       |       |    18 |     5 ||    23
         Potion            |       |       |       |     1 |       ||     1
 Armour: Scale mail        |    48 |     1 |       |       |       ||    49
         Plate armour      |       |   127 |   243 |   463 |       ||   833
         Crystal plate arm |       |       |       |    26 |   308 ||   334
  Dodge: Dodged            |    50 |    69 |    95 |   164 |    66 ||   444
  Block: Buckler           |    23 |    34 |    97 |    89 |       ||   243
         Tower shield      |       |       |       |   294 |   432 ||   726

Levels and vault maps discovered:
D:1:      tarquinn_simple_flora_water_f, layout_loops_corners
D:2:      layout_basic, ebering_ecumenical_altar_sacrificial,
          hangedman_decor_growths, kennysheep_crisscross
D:3:      layout_loops_ring, amcnicky_altar_gilded, doesnt_xom_only_xom,
          serial_shops, nicolae_square_shop, serial_bayou_ford_a,
          kennysheep_generic_room_13, uniq_natasha, uniq_jessica
D:4:      cheibrodos_fertilizer, layout_basic,
          mainiacjoe_overflow_concentric_impassable
D:5:      layout_loops_ring, nicolae_uskayaw_suspiria, uniq_menkaure, uniq_pikel
D:6:      layout_rooms, columned_hall_lemuel, minmay_misc_feat_square
D:7:      layout_layer_cave, mainiacjoe_overflow_24_doors,
          mainiacjoe_overflow_alcove_2, lemuel_crystal_altar,
          minmay_temple_entry_water_ring
D:8:      layout_loops_ring, serial_shops, shop, minmay_joined_circles
D:9:      minmay_the_grid_octo_triangle [minmay_the_grid_octo_tetromino_candy,
          minmay_the_grid_octo_prize_single_spiral,
          minmay_the_grid_octo_vomiting_pacman], layout_irregular_city,
          mainiacjoe_overflow_boulevard, orc_0_dummy
D:10:     layout_big_octagon, general_overflow_altar, mainiacjoe_overflow_swirl,
          nzn_wu_jian_council_hall, dpeg_lair_monsters, minivault_25_ag,
          grunt_ministairs_10, hellmonk_guarded_unrand_vitality_bloodlust
Temple:   compressed_dpeg_circular_temple
Lair:1:   layout_long_grid, enter_volcano_4, nzn_masters_of_martial_movement,
          uniq_maggie
Lair:2:   layout_hall_layers, swamp_mist_pool,
          minmay_snake_entry_guardpost_small, grunt_megastairs_1
Snake:1:  layout_onion_interference, uniq_louise
Snake:2:  cheibrodos_snake_ritualist_ritual, layout_misc_corridors,
          nicolae_snake_slithery_corners, uniq_aizul
Snake:3:  layout_layer_cave, serial_bayou_shore_b, minmay_shop_star, uniq_agnes

Notes
Turn   | Place    | Note
-------+----------+-------------------------------------------
     0 | D:1      | Sanktem7 the Formicid Fighter began the quest for the Orb.
     0 | D:1      | Reached XP level 1. HP: 18/18 MP: 1/1
     0 | D:1      | magus.rc [v1.9.6]
   133 | D:1      | You fall into a shaft and drop 1 floor!
   203 | D:2      | Reached XP level 2. HP: 24/24 MP: 2/2
   776 | D:1      | Reached XP level 3. HP: 29/29 MP: 3/3
  1178 | D:2      | Reached XP level 4. HP: 30/37 MP: 4/4
  1180 | D:2      | Reached skill level 3 in Axes
  1205 | D:2      | Found the +15 Maxwell's patent armour {-Cast -Tele rElec
                  | Will+ rCorr}
  1476 | D:2      | Found a faded altar of an unknown god.
  1546 | D:3      | Noticed Natasha
  1552 | D:3      | Killed Natasha
  1553 | D:3      | Reached XP level 5. HP: 38/42 MP: 5/5
  1640 | D:3      | Found Eredel's General Store.
  1646 | D:3      | Bought a scroll of enchant weapon for 90 gold pieces
  1858 | D:3      | Reached skill level 4 in Fighting
  1898 | D:3      | Reached skill level 4 in Armour
  1959 | D:3      | Reached skill level 5 in Shields
  2053 | D:3      | Found a white marble altar of Elyvilon.
  2054 | D:3      | Noticed Natasha
  2075 | D:3      | Killed Natasha
  2076 | D:3      | Reached skill level 4 in Axes
  2076 | D:3      | Reached XP level 6. HP: 30/48 MP: 6/6
  2253 | D:3      | Found a bloodstained altar of Trog.
  2255 | D:3      | Found a shimmering altar of Xom.
  2255 | D:3      | Found a sparkling altar of Nemelex Xobeh.
  2257 | D:3      | Found a shimmering blue altar of Sif Muna.
  2257 | D:3      | Found a burning altar of Makhleb.
  2257 | D:3      | Found a shimmering altar of Xom.
  2320 | D:3      | Noticed Natasha
  2333 | D:3      | Killed Natasha
  2441 | D:3      | Noticed Jessica
  2462 | D:3      | Killed Jessica
  2816 | D:4      | Found a hazy altar of Hepliaklqana.
  2894 | D:4      | Reached XP level 7. HP: 53/55 MP: 7/7
  3278 | D:4      | You pick up a book of Geomancy and begin reading...
  3278 | D:4      | You add the spells Sandblast, Passwall and Stone Arrow to
                  | your library.
  3472 | D:5      | Entered Level 5 of the Dungeon
  3496 | D:5      | Reached skill level 5 in Axes
  3733 | D:5      | Noticed Menkaure
  3740 | D:5      | Killed Menkaure
  3741 | D:5      | Reached skill level 5 in Fighting
  3741 | D:5      | Reached skill level 5 in Armour
  3741 | D:5      | Reached skill level 6 in Shields
  3780 | D:5      | Reached XP level 8. HP: 49/62 MP: 8/8
  3849 | D:5      | Reached skill level 6 in Axes
  4031 | D:5      | Noticed Pikel
  4070 | D:5      | Killed Pikel
  4071 | D:5      | Reached skill level 6 in Fighting
  4071 | D:5      | Reached skill level 6 in Armour
  4071 | D:5      | Reached skill level 7 in Shields
  4120 | D:5      | You pick up a book of Vapours and begin reading...
  4120 | D:5      | You add the spells Poisonous Vapours, Mephitic Cloud and
                  | Freezing Cloud to your library.
  4167 | D:5      | Noticed a wyvern
  4180 | D:5      | Killed a wyvern
  4181 | D:5      | Reached skill level 7 in Axes
  4181 | D:5      | Reached XP level 9. HP: 69/69 MP: 9/9
  4202 | D:5      | Found a hide-covered altar of Uskayaw.
  4381 | D:5      | You pick up a book of Minor Magic and begin reading...
  4381 | D:5      | You add the spells Magic Dart and Call Imp to your library.
  4819 | D:6      | Reached skill level 1 in Throwing
  4906 | D:6      | Reached skill level 8 in Shields
  5384 | D:7      | Reached skill level 8 in Axes
  5447 | D:7      | Reached skill level 2 in Throwing
  5581 | D:7      | Found a shimmering blue altar of Sif Muna.
  5890 | D:7      | Found a staircase to the Ecumenical Temple.
  5901 | Temple   | Entered the Ecumenical Temple
  6096 | D:7      | Reached skill level 7 in Armour
  6102 | D:7      | Reached skill level 7 in Fighting
  6102 | D:7      | Reached XP level 10. HP: 79/79 MP: 10/10
  6154 | D:7      | You pick up a book of Minor Magic and begin reading...
  6206 | D:7      | You add the spells Ozocubu's Armour and Ozocubu's
                  | Refrigeration to your library.
  6586 | D:7      | Found a broken altar of Ashenzari.
  6709 | D:7      | Found an iron altar of Okawaru.
  6859 | D:7      | Became a worshipper of Warmaster Okawaru
  7000 | D:8      | Reached skill level 3 in Throwing
  7020 | D:8      | Noticed a manticore
  7042 | D:8      | Killed a manticore
  7042 | D:8      | Reached * piety under Okawaru
  7043 | D:8      | Reached skill level 9 in Axes
  7043 | D:8      | Reached skill level 9 in Shields
  7079 | D:8      | You pick up a book of the Hunter and begin reading...
  7079 | D:8      | You add the spells Portal Projectile and Leda's
                  | Liquefaction to your library.
  7176 | D:8      | Noticed a two-headed ogre
  7200 | D:8      | Killed a two-headed ogre
  7200 | D:8      | Reached ** piety under Okawaru
  7241 | D:8      | Reached skill level 4 in Throwing
  7241 | D:8      | Reached skill level 8 in Armour
  7257 | D:8      | Reached *** piety under Okawaru
  7260 | D:8      | You add the spells Sting and Olgreb's Toxic Radiance to
                  | your library.
  7531 | D:8      | Reached skill level 8 in Fighting
  7531 | D:8      | Reached XP level 11. HP: 81/86 MP: 11/11
  7675 | D:8      | Found Plog's Assorted Antiques.
  7841 | D:9      | Found a glowing golden altar of the Shining One.
  7896 | D:9      | Reached skill level 10 in Axes
  7896 | D:9      | Reached skill level 1 in Invocations
  7918 | D:9      | Noticed a manticore
  7921 | D:9      | Identified the +2 robe of Dibuin Kurphy {rPois Dex-5 Stlth+
                  | Archmagi}
  7921 | D:9      | Noticed a tengu warrior
  7931 | D:9      | Killed a manticore
  7957 | D:9      | Killed a tengu warrior
  7958 | D:9      | Reached skill level 10 in Shields
  7958 | D:9      | Reached skill level 2 in Invocations
  7960 | D:9      | Reached **** piety under Okawaru
  8059 | D:9      | Found a staircase to the Orcish Mines.
  8203 | D:9      | Noticed a boulder beetle
  8276 | D:9      | Noticed a deep elf pyromancer
  8288 | D:9      | Killed a deep elf pyromancer
  8289 | D:9      | Reached skill level 5 in Throwing
  8346 | D:9      | Killed a boulder beetle
  8347 | D:9      | Reached skill level 3 in Invocations
  8499 | D:9      | Noticed a cyan ugly thing
  8507 | D:9      | Killed a cyan ugly thing
  8517 | D:9      | You pick up a book of the Moon and begin reading...
  8517 | D:9      | You add the spells Passage of Golubria, Silence and
                  | Lehudib's Crystal Spear to your library.
  8522 | D:9      | Identified the staff of poison "Mel Dock" {Fly rPois rF-
                  | rN++ Int+3}
  8708 | D:9      | Reached ***** piety under Okawaru
  8820 | D:9      | Identified a scroll of acquirement
  8820 | D:9      | Acquired the +10 broad axe of Zopoqy Rum {heavy, rC++}
  8938 | D:10     | Entered Level 10 of the Dungeon
  8940 | D:10     | Noticed a death yak
  8940 | D:10     | Noticed a death yak
  8943 | D:10     | Found a staircase to the Lair.
  8943 | D:10     | Noticed a death yak
  8943 | D:10     | Noticed a death yak
  8943 | D:10     | Noticed a death yak
  8944 | D:10     | Noticed a death yak
  8946 | D:10     | Killed a death yak
  8947 | D:10     | Reached skill level 11 in Axes
  8947 | D:10     | Reached skill level 9 in Armour
  8950 | D:10     | Killed a death yak
  8951 | D:10     | Reached skill level 9 in Fighting
  8951 | D:10     | Reached skill level 4 in Invocations
  8951 | D:10     | Reached XP level 12. HP: 26/95 MP: 13/15
  8951 | D:10     | Killed a death yak
  8951 | D:10     | Received a gift from Okawaru
  8954 | D:10     | Killed a death yak
  8956 | D:10     | Killed a death yak
  8957 | D:10     | Reached skill level 11 in Shields
  8961 | D:10     | Killed a death yak
  8962 | D:10     | Reached skill level 6 in Throwing
  9081 | D:10     | Noticed a sun demon
  9213 | D:10     | Reached skill level 5 in Invocations
  9302 | D:10     | Noticed a deep troll
  9302 | D:10     | Noticed a deep troll
  9305 | D:10     | Found the necklace of Bloodlust {Fury *Rage Will++ Int-3
                  | Slay+6}
  9310 | D:10     | Killed a deep troll
  9310 | D:10     | Received a gift from Okawaru
  9313 | D:10     | Killed a deep troll
  9404 | D:10     | Noticed a two-headed ogre
  9412 | D:10     | Killed a two-headed ogre
  9412 | D:10     | Identified the +12 crystal plate armour "Dequtej" {Str-2
                  | Int+3 Stlth+} (Okawaru gifted it to you on level 10 of the
                  | Dungeon)
  9412 | D:10     | Received a gift from Okawaru
  9413 | D:10     | Reached skill level 12 in Axes
  9413 | D:10     | S - the +12 crystal plate armour "Dequtej" {Str-2 Int+3
                  | Stlth+, rare=g}
  9414 | D:10     | You drop the +12 crystal plate armour "Dequtej" {Str-2
                  | Int+3 Stlth+, rare=g}.
  9510 | D:10     | S - the +12 crystal plate armour "Dequtej" {Str-2 Int+3
                  | Stlth+, rare=g}
  9545 | D:10     | Found an opulent altar of Gozag.
  9634 | D:10     | Found a snail-covered altar of Cheibriados.
  9669 | D:10     | Found an ornate altar of the Wu Jian Council.
  9703 | D:10     | Found a burning altar of Makhleb.
  9756 | D:10     | You finish putting on the +12 crystal plate armour
                  | "Dequtej" {Str-2 Int+3 Stlth+, rare=g}.
  9816 | Lair:1   | Entered Level 1 of the Lair of Beasts
  9844 | Lair:1   | Found a dark tunnel.
  9852 | Volcano  | Entered a volcano
  9915 | Volcano  | Reached skill level 10 in Armour
  9918 | Volcano  | Reached XP level 13. HP: 81/103 MP: 16/16
 10103 | Volcano  | Reached skill level 10 in Fighting
 10103 | Volcano  | Reached skill level 7 in Throwing
 10158 | Volcano  | Reached skill level 12 in Shields
 10557 | Lair:1   | Noticed Maggie
 10565 | Lair:1   | Killed Maggie
 10855 | Lair:1   | Found a hide-covered altar of Uskayaw.
 10856 | Lair:1   | Found an ornate altar of the Wu Jian Council.
 10861 | Lair:1   | Reached skill level 13 in Axes
 11259 | Lair:2   | Reached ****** piety under Okawaru
 11259 | Lair:2   | Received a gift from Okawaru
 11450 | Lair:2   | You pick up a book of Debilitation and begin reading...
 11450 | Lair:2   | You add the spells Slow, Vampiric Draining and Confusing
                  | Touch to your library.
 11455 | Lair:2   | Found a staircase to the Snake Pit.
 11486 | Lair:2   | Found a staircase to the Swamp.
 11870 | Snake:1  | Entered Level 1 of the Snake Pit
 11871 | Snake:1  | Noticed an anaconda
 11877 | Snake:1  | Killed an anaconda
 11959 | Snake:1  | Received a gift from Okawaru
 12000 | Snake:1  | Got the Directory of Doomed Blight
 12155 | Snake:1  | Reached skill level 8 in Throwing
 12161 | Snake:1  | Received a gift from Okawaru
 12162 | Snake:1  | Reached skill level 11 in Armour
 12164 | Snake:1  | HP: 24/105 [naga mage/bolt of poison (4)]
 12167 | Snake:1  | Reached XP level 14. HP: 18/111 MP: 9/17
 12169 | Snake:1  | HP: 13/111 [poisoned by a naga mage (bolt of poison)]
 12541 | Snake:1  | Reached skill level 13 in Shields
 12548 | Snake:1  | Reached skill level 11 in Fighting
 12685 | Snake:1  | Noticed Louise
 12692 | Snake:1  | Killed Louise
 12694 | Snake:1  | D - a +2 eveningstar of protection {macerare=g}
 12890 | Snake:2  | Reached skill level 14 in Axes
 13281 | Snake:2  | Received a gift from Okawaru
 13425 | Snake:2  | Reached skill level 9 in Throwing
 13458 | Snake:2  | Received a gift from Okawaru
 13524 | Snake:2  | Received a gift from Okawaru
 13888 | Snake:2  | You drop a +2 eveningstar of protection {macerare=g}.
 13896 | Snake:2  | Reached skill level 12 in Armour
 13896 | Snake:2  | Reached XP level 15. HP: 120/120 MP: 18/18
 13909 | Snake:2  | D - a +2 eveningstar of protection {macerare=g}
 13935 | Snake:2  | You pick up a book of Party Tricks and begin reading...
 13935 | Snake:2  | You add the spells Apportation and Alistair's Intoxication
                  | to your library.
 13941 | Snake:2  | You pick up a book of the Tundra and begin reading...
 13941 | Snake:2  | You add the spells Hailstorm and Ice Form to your library.
 14111 | Snake:2  | Reached skill level 14 in Shields
 14300 | Snake:2  | Noticed Aizul
 14301 | Snake:2  | Reached skill level 12 in Fighting
 14301 | Snake:2  | Reached skill level 1 in Maces & Flails
 14304 | Snake:2  | Reached skill level 15 in Axes
 14306 | Snake:2  | Killed Aizul
 14700 | Snake:3  | Reached skill level 2 in Maces & Flails
 14778 | Snake:3  | Received a gift from Okawaru
 14833 | Snake:3  | Received a gift from Okawaru
 15044 | Snake:3  | Reached skill level 3 in Maces & Flails
 15192 | Snake:3  | Found Jeynt's Jewellery Boutique.
 15200 | Snake:3  | Bought the ring "Paelipa" {*Corrode Fly rPois rC++} for 568
                  | gold pieces
 15259 | Snake:3  | Noticed Agnes
 15260 | Snake:3  | Noticed a nagaraja
 15268 | Snake:3  | HP: 24/122 [nagaraja/+0 spear (8)]
 15273 | Snake:3  | HP: 14/122 [Agnes/+2 lajatang of pain (4)]
 15275 | Snake:3  | HP: 4/122 [Agnes/+2 lajatang of pain (7)]
 15275 | Snake:3  | Slain by Agnes

Vanquished Creatures
  Louise (Snake:1)
  Aizul (Snake:2)
  A salamander tyrant (Snake:2)
  3 boulder beetles
  2 two-headed ogres
  4 anacondas
  A tengu warrior (D:9)
  6 death yaks (D:10)
  3 naga warriors (Snake:2)
  3 shock serpents
  7 naga sharpshooters
  2 skeletal warriors (Volcano)
  2 deep trolls (D:10)
  4 salamander mystics
  5 naga ritualists
  Pikel (D:5)
  5 anaconda skeletons (Volcano)
  A deep elf pyromancer (D:9)
  2 manticores
  10 mana vipers
  10 salamanders
  An ugly thing (D:9)
  4 guardian serpents
  12 naga magi
  18 black mambas
  5 gargoyles (Volcano)
  2 cane toads
  Maggie (Lair:1)
  A kobold demonologist (D:10)
  An unseen horror (D:10)
  2 komodo dragons
  A polar bear (Lair:2)
  A troll (D:9)
  A harpy skeleton (Volcano)
  A hornet (D:8)
  3 flying skulls (Volcano)
  3 wyverns
  An alligator skeleton (Volcano)
  17 yaks
  A steam dragon (D:8)
  A vampire mosquito (D:9)
  Menkaure (D:5)
  An acid dragon (D:10)
  27 nagas
  8 water moccasins
  5 orc warriors
  2 black bears
  A sky beast (D:8)
  3 centaurs
  8 wolves
  A lemure (D:5)
  An ogre (D:5)
  2 phantoms
  3 kobold brigands
  6 bullfrogs
  2 scorpions (D:6)
  5 wights
  13 killer bees
  An electric eel (D:10)
  5 howler monkeys
  3 spriggan skeletons (Volcano)
  4 orc priests
  4 jellies
  A gnoll bouda (D:6)
  6 hounds
  7 iguanas
  Jessica (D:3)
  11 orc wizards
  Natasha (thrice) (D:3)
  A naga skeleton (Volcano)
  9 gnolls
  8 adders
  2 shadow imps (D:7)
  A white imp (D:7)
  3 worms
  A dart slug (D:5)
  25 orcs
  9 endoplasms
  2 giant cockroaches
  7 goblins
  3 hobgoblins (D:1)
  3 jackals (D:3)
  7 quokkas
  2 ball pythons (D:1)
  3 bats
  5 frilled lizards
  17 kobolds
  4 rats
398 creatures vanquished.

Table legend:
 A = Non-vault XP
 B = Vault XP
 C = Vault XP percentage of total XP
 D = Non-vault monster count
 E = Vault monster count
 F = Vault count percentage of total count
                 A         B        C        D         E       F
            +---------+---------+-------+---------+---------+-------
      Total |   61725 |   31353 |  33.7 |     299 |      98 |  24.7
            +---------+---------+-------+---------+---------+-------
        D:1 |      30 |       0 |   0.0 |      20 |       0 |   0.0
        D:2 |      70 |       0 |   0.0 |      17 |       0 |   0.0
        D:3 |     203 |      72 |  26.2 |      15 |       3 |  16.7
        D:4 |     128 |     108 |  45.8 |       7 |      15 |  68.2
        D:5 |     706 |     832 |  54.1 |      19 |       2 |   9.5
        D:6 |     827 |       0 |   0.0 |      18 |       0 |   0.0
        D:7 |    1122 |       0 |   0.0 |      18 |       0 |   0.0
        D:8 |    1797 |    2315 |  56.3 |      25 |      14 |  35.9
        D:9 |    2351 |    3957 |  62.7 |      22 |      11 |  33.3
       D:10 |    2257 |    7996 |  78.0 |      17 |      18 |  51.4
     Lair:1 |    1144 |    1201 |  51.2 |       7 |       2 |  22.2
     Lair:2 |    3148 |    1456 |  31.6 |      15 |       5 |  25.0
    Snake:1 |   11273 |    1218 |   9.8 |      25 |       1 |   3.8
    Snake:2 |   23826 |    3998 |  14.4 |      46 |       6 |  11.5
    Snake:3 |   12843 |       0 |   0.0 |      28 |       0 |   0.0
    Volcano |       0 |    8200 | 100.0 |       0 |      21 | 100.0
            +---------+---------+-------+---------+---------+-------

Skill      XL: |  1  2  3  4  5  6  7  8  9 10 11 12 13 14 15 |
---------------+----------------------------------------------+-----
Axes           | 3 4 5 7 8 9 11 12 13 14 15 | 15.4
Fighting       | 4 5 6 7 8 9 10 11 12 | 12.4
Armour         | 4 5 6 7 8 9 10 11 12 | 12.4
Shields        | 5 6 7 8 9 10 11 12 13 14 | 14.5
Throwing       | 2 4 5 6 8 9 |  9.8
Invocations    | 4 5 |  5.0
Maces & Flails | 3 |  3.0

Action                     |  1- 3 |  4- 6 |  7- 9 | 10-12 | 13-15 || total
---------------------------+-------+-------+-------+-------+-------++-------
  Melee: War axe           |    96 |   148 |   305 |   382 |       ||   931
         Broad axe         |       |       |       |    76 |   344 ||   420
  Throw: Javelin           |       |       |       |     5 |       ||     5
  Evoke: Wand              |       |       |       |     1 |       ||     1
    Use: Scroll            |       |       |       |    18 |     5 ||    23
         Potion            |       |       |       |     1 |       ||     1
 Armour: Scale mail        |    48 |     1 |       |       |       ||    49
         Plate armour      |       |   127 |   243 |   463 |       ||   833
         Crystal plate arm |       |       |       |    26 |   308 ||   334
  Dodge: Dodged            |    50 |    69 |    95 |   164 |    66 ||   444
  Block: Buckler           |    23 |    34 |    97 |    89 |       ||   243
         Tower shield      |       |       |       |   294 |   432 ||   726

Illustrated notes

Table legend:
 A = Kills in this place as a percentage of kills in the entire game.
 B = Kills by you in this place as a percentage of kills by you in the entire game.
 C = Kills by friends in this place as a percentage of kills by friends in the entire game.
 D = Other kills in this place as a percentage of other kills in the entire game.
 E = Experience gained in this place as a percentage of experience gained in the entire game.
 F = Experience gained in this place divided by the number of levels of this place that you have seen.
                   A       B       C       D       E      F
               +-------+-------+-------+-------+-------+----------------------
         Total | 100.0 | 100.0 |   N/A |   N/A | 100.0 | 5475.2
       Dungeon |  60.7 |  60.7 |   N/A |   N/A |  26.6 | 2477.1
          Lair |   7.3 |   7.3 |   N/A |   N/A |   7.5 | 3474.5
     Snake Pit |  26.7 |  26.7 |   N/A |   N/A |  57.1 | 17719.3
       Volcano |   5.3 |   5.3 |   N/A |   N/A |   8.8 | 8200.0
               +-------+-------+-------+-------+-------+----------------------

Table legend: (Time is in decaauts)
 A = Elapsed time spent in this place.
 B = Non-inter-level travel time spent in this place.
 C = Inter-level travel time spent in this place.
 D = Time resting spent in this place.
 E = Time spent auto-exploring this place.
 F = Levels seen in this place.
 G = Mean time per level.
                   A        B        C        D        E       F      G
               +--------+--------+--------+--------+--------+-----+--------+
         Total |  15708 |  15266 |    442 |    518 |  11431 |  17 |  924.0 |
       Dungeon |   9981 |   9612 |    369 |    100 |   7361 |  10 |  998.1 |
        Temple |     92 |     92 |      0 |      0 |     75 |   1 |   92.0 |
          Lair |   1515 |   1464 |     51 |      0 |   1246 |   2 |  757.5 |
     Snake Pit |   3508 |   3486 |     22 |    416 |   2353 |   3 | 1169.3 |
       Volcano |    610 |    610 |      0 |      2 |    395 |   1 |  610.0 |
               +--------+--------+--------+--------+--------+-----+--------+

Top non-repeatable levels by time:
 Snake:2: 1958 daAuts
     D:7: 1485 daAuts
     D:9: 1145 daAuts
     D:3: 1068 daAuts
 Snake:1: 1044 daAuts
     D:5: 1010 daAuts
     D:8: 964 daAuts
     D:1: 947 daAuts
     D:4: 922 daAuts
    D:10: 921 daAuts
     D:6: 879 daAuts
  Lair:2: 846 daAuts
  Lair:1: 669 daAuts
     D:2: 637 daAuts
 Volcano: 610 daAuts
